AoeStats
← -GLAZ-

Arabia

509086335Analyzed
1v1 RM · 7d ago on Sep 25, 2026· 37m 57s· 2 players
Game mode
Random Map
Map size
Tiny (2 player)
Population
200
Speed
Normal
Resources
Standard
Victory
Conquest
Starting age
Dark Age
Ending age
Imperial Age
RankedLock teamsTeams togetherTeam positionsShared explorationLock speedFull tech treeHidden civsTurbo modeCheats
Victory
Defeat
🇨🇦 Varangians · Canada
951
+15
🇷🇺 Khmer · Russia
929
-15
-GLAZ-
10:27 Feudal Age
10:51 Horse Collar
10:58 Double-Bit Axe
12:50 Loom
20:57 Castle Age
21:09 Forging
23:27 Bloodlines
24:10 Scale Barding Armor
24:08 Husbandry
25:16 Iron Casting
26:22 Chain Barding Armor
26:48 Wheelbarrow
Moulinsart
6:13 Loom
9:19 Feudal Age
9:47 Man-at-Arms
18:47 Castle Age
17:18 Double-Bit Axe
18:34 Scale Mail Armor
19:57 Gambesons
22:04 Wheelbarrow
28:29 Squires
28:44 Forging
28:29 Horse Collar
29:33 Chain Mail Armor
31:57 Iron Casting
32:09 Arson
34:16 Fervor
Connection lost

Rejoining the realm…

Still unreachable

The connection could not be restored.

Session expired

The server has moved on; the page needs a fresh start.